AoeStats
← bischlar

Arabian Desert

510202134Analyzed
1v1 RM · 16h ago on Sep 29, 2026· 22m 17s· 2 players
Game mode
Random Map
Map size
Tiny (2 player)
Population
200
Speed
Normal
Resources
Standard
Victory
Conquest
Starting age
Dark Age
Ending age
Imperial Age
RankedLock teamsTeams togetherTeam positionsShared explorationLock speedFull tech treeHidden civsTurbo modeCheats
Victory
Defeat
🇺🇸 Saxons · United States
1024
+15
🇨🇦 Danes · Canada
1011
-15
bischlar
3:42 Loom
13:05 Feudal Age
13:12 Man-at-Arms
16:54 Fletching
20:01 Padded Archer Armor
20:18 Scale Mail Armor
bikerboy4444
7:37 Loom
10:12 Feudal Age
15:13 Fletching
18:20 Padded Archer Armor
21:15 Castle Age
21:35 Double-Bit Axe
21:16 Crossbowman
21:53 Bodkin Arrow
Connection lost

Rejoining the realm…

Still unreachable

The connection could not be restored.

Session expired

The server has moved on; the page needs a fresh start.